Map: Taito Citadel LE

Players

BlackWiDow - Winner!

  • Race: Terran Terran
  • League: Diamond
  • Spawn Location: 5:00

HoldTheDoor

  • Race: Protoss Protoss
  • League: Diamond
  • Spawn Location: 11:00

VOD

Have the link to the VOD?

Description

Time

  • Played on: May 12, 2026, 10:42 a.m.
  • Length: 9:00
Show
View Real Time Build Order
Export as new Build Order

BlackWiDow Terran - Winner!

Build Orders: Reaper Expand 

Get SALT Encoding   

  12  0:01  SCV  
  13  0:13  SCV  
  14  0:17  Supply Depot  
  14  0:25  SCV  
  15  0:39  SCV  
  16  0:42  Barracks  
  16  0:48  Refinery  
  16  0:51  SCV  
  17  1:03  SCV  
  18  1:15  SCV  
  19  1:24  Supply Depot  
  19  1:31  Reaper  
  20  1:32  Orbital Command  
  20  1:53  Command Center  
  20  1:59  SCV  
  21  2:09  Bunker  
  21  2:12  Barracks Reactor  
  21  2:14  SCV  
  21  2:25  Factory  
  21  2:26  SCV  
  22  2:47  SCV  
  23  2:52  Marine  
  23  2:53  Marine  
  25  3:04  SCV  
  26  3:05  Orbital Command  
  26  3:09  Hellion  
  26  3:10  Starport  
  26  3:12  Marine x2  
  29  3:16  SCV  
  29  3:17  Refinery  
  31  3:28  SCV  
  31  3:31  Widow Mine  
  31  3:32  SCV  
  35  3:43  SCV, Barracks Tech Lab  
  35  3:44  SCV  
  35  3:45  Barracks  
  37  3:52  Widow Mine  
  39  3:55  SCV  
  39  3:56  SCV  
  39  4:00  Medivac  
  43  4:08  SCV, Marine  
  43  4:09  SCV  
  46  4:19  Supply Depot  
  46  4:22  Supply Depot, Stimpack  
  46  4:29  Factory Tech Lab  
  46  4:38  Barracks  
  46  4:40  Marine x3  
  46  4:41  SCV x2  
  51  4:46  Command Center  
  51  4:53  SCV x2  
  51  4:58  Marine  
  54  5:02  Supply Depot  
  54  5:05  SCV x2  
  56  5:17  SCV x2  
  56  5:26  Marine x3  
  57  5:29  Barracks Tech Lab  
  57  5:32  Barracks  
  57  5:33  Siege Tank, Barracks  
  60  5:36  Refinery  
  60  5:38  Refinery  
  60  5:42  Starport Reactor  
  60  5:44  SCV  
  60  5:45  SCV  
  60  5:46  Marine x2  
  60  5:47  Marine  
  60  5:48  Combat Shield  
  60  5:49  Marine  
  66  5:57  SCV x2  
  67  6:04  Marine x2  
  67  6:05  Siege Tank, Marauder  
  67  6:07  Marauder  
  67  6:09  SCV x2  
  78  6:15  Orbital Command  
  78  6:19  Engineering Bay  
  78  6:20  Barracks Reactor x2, Engineering Bay  
  78  6:22  Marine x2  
  80  6:26  Marine  
  80  6:28  Marine  
  80  6:29  Medivac  
  80  6:30  Medivac  
  84  6:40  Marine  
  84  6:44  Orbital Command, Supply Depot x2  
  84  6:46  Supply Depot  
  85  6:48  Supply Depot  
  85  6:51  Terran Infantry Weapons Level 1, Terran Infantry Armor Level 1  
  85  7:05  Marine x2  
  85  7:06  Marauder x2  
  91  7:09  SCV x3  
  91  7:11  Marine x2  
  91  7:12  Marine x2  
  98  7:21  SCV x3, Medivac  
  98  7:22  Medivac  
  105  7:23  Marine x2  
  105  7:27  Marauder x2  
  105  7:29  Marine x3  
  113  7:34  Barracks  
  114  7:37  SCV  
  114  7:38  SCV x2, Barracks  
  117  7:51  Armory  
  117  8:06  Starport  
  117  8:23  Supply Depot  
  117  8:24  Supply Depot  
  117  8:25  Barracks Tech Lab  
  117  8:32  Barracks Tech Lab  
  117  8:34  Supply Depot  
  117  8:35  SCV  
  117  8:38  SCV x2  
  115  8:48  SCV  
Show
View Real Time Build Order
Export as new Build Order

HoldTheDoor Protoss 

Build Orders: 1 Gate Expand 

Get SALT Encoding   

  12  0:00  Probe  
  13  0:12  Probe  
  14  0:17  Pylon  
  14  0:23  Probe  
  15  0:32  Probe  
  15  0:38  Gateway  
  15  0:41  Probe  
  17  0:53  Probe  
  18  1:05  Probe  
  18  1:09  Pylon  
  19  1:13  Assimilator  
  19  1:17  Probe  
  20  1:29  Probe  
  21  1:39  Cybernetics Core  
  21  1:40  Nexus  
  21  1:41  Probe  
  22  1:47  Assimilator  
  22  1:55  Probe  
  22  2:00  Pylon  
  23  2:10  Adept  
  23  2:18  Probe  
  23  2:22  Warp Gate  
  26  2:27  Shield Battery  
  26  2:34  Robotics Facility  
  25  3:04  Sentry  
  27  3:07  Probe  
  27  3:08  Probe  
  29  3:19  Probe  
  30  3:21  Probe  
  30  3:25  Immortal, Pylon  
  31  3:31  Probe  
  31  3:32  Shield Battery  
  31  3:33  Probe  
  37  3:51  Probe  
  37  3:52  Probe  
  37  3:53  Gateway  
  39  3:55  Gateway  
  39  4:04  Probe  
  40  4:15  Stalker  
  42  4:20  Immortal  
  46  4:26  Stargate  
  46  4:29  Pylon  
  46  4:31  Assimilator, Probe  
  46  4:36  Pylon  
  46  4:38  Probe  
  48  4:43  Adept  
  50  4:47  Twilight Council  
  50  4:50  Probe  
  51  4:53  Assimilator  
  51  4:59  Observer  
  48  5:30  Probe  
  48  5:33  Stalker x3  
  55  5:39  Probe, Pylon  
  56  5:48  Pylon  
  56  5:49  Charge  
  56  5:52  Probe x2  
  56  5:55  Immortal  
  63  6:04  Probe  
  63  6:16  Stalker  
  63  6:17  Stalker  
  67  6:19  Zealot  
  69  6:41  Gateway  
  69  6:42  Gateway  
  69  6:44  Gateway  
  69  6:45  Gateway  
  69  6:46  Probe x2  
  71  6:48  Phoenix, Pylon  
  73  7:06  Robotics Bay  
  73  7:09  Templar Archives  
  73  7:11  Probe  
  73  7:12  Probe  
  73  7:15  Phoenix  
  77  7:24  Probe  
  77  7:27  Probe  
  79  7:34  Nexus  
  79  7:42  Pylon  
  79  7:45  Sentry x3  
  79  7:47  Probe  
  79  7:48  Probe  
  87  7:57  Colossus  
  93  8:00  Probe  
  94  8:13  Forge  
  94  8:16  Probe  
  94  8:17  Pylon, Probe  
  96  8:20  Pylon  
  88  8:46  Zealot x6  
  88  8:47  Zealot  
Tags
 
Add a new tag
Caveats
  • Supply blocks, unpowered buildings, or Contaminate may cause inaccurate times.
  • Supply counts are checked every 10 seconds.